 Dungeon Crawl Stone Soup version 0.32-a0-918-g0f22ef8d61 (webtiles) character file.

Game seed: 7469714980897252535

15 nel the Grave Robber (level 2, 0/19 HPs)
             Began as a Demonspawn Necromancer on Apr 11, 2024.
             Slain by a giant cockroach (1 damage)
             ... on level 1 of the Dungeon.
             The game lasted 00:02:12 (653 turns).

nel the Grave Robber (Demonspawn Necromancer)        Turns: 653, Time: 00:02:13

Health: 0/19       AC:  3    Str:  8    XL:     2   Next: 34%
Magic:  4/5        EV: 10    Int: 15    God:
Gold:   10         SH:  4    Dex: 13    Spells: 4/5 levels left

rFire   . . .        d - +3 whip
rCold   . . .        (no shield)
rNeg    . . .        c - +0 leather armour
rPois   .            (no helmet)
rElec   .            (no cloak)
rCorr   .            (no gloves)
SInv    .            (no boots)
Will    .....        (no amulet)
Stlth   ++           (no ring)
HPRegen 0.23/turn    (no ring)
MPRegen 0.09/turn

%: no passive effects
@: no status effects
A: condensation shield
a: no special abilities


You were on level 1 of the Dungeon.
You visited 1 branch of the dungeon, and saw 1 of its levels.

You collected 10 gold pieces.

Inventory:

Hand Weapons
 d - a +3 whip (weapon)
Armour
 a - a +0 robe
 c - a +0 leather armour (worn)
Scrolls
 e - a scroll of amnesia {unknown}
Potions
 b - a potion of magic
 f - a potion of mutation {unknown}
 g - a potion of ambrosia {unknown}


   Skills:
 + Level 2.1 Dodging
 - Level 1.7 Stealth
 - Level 2.0 Spellcasting
 * Level 4.9 Necromancy


You had 4 spell levels left.
You knew the following spells:

 Your Spells              Type           Power      Damage    Failure   Level
a - Necrotise             Necr           64%        1d7       4%          1

Your spell library contained the following spells:

 Spells                   Type           Power      Damage    Failure   Level
 Vampiric Draining        Necr           16%        2d7       13%         3
 Sting                    Conj/Alch      4%         1d3       32%         1
 Animate Dead             Necr           16%        N/A       38%         4
 Mercury Vapours          Alch/Air       2%         N/A       43%         2
 Sigil of Binding         Hex            1%         N/A       67%         3
 Olgreb's Toxic Radiance  Alch           1%         N/A       97%         4
 Curse of Agony           Necr           16%        N/A       75%         5
 Death Channel            Necr           8%         N/A       100%        6
 Sculpt Simulacrum        Ice/Alch       0%         N/A       100%        6


Dungeon Overview and Level Annotations

Branches:
Dungeon (1/15)

Altars:


Innate Abilities, Weirdness & Mutations

A meltable shield of frost defends you. (SH +4)


Message History

Aim: a hobgoblin (lightly wounded, chance to affect: 86%)
The hobgoblin barely resists.
Casting: Necrotise (safe; 4% risk of failure)
Confirm with . or Enter, or press ? or * to list all spells.
Aiming: Necrotise (safe; 4% risk of failure)
Press: ? - help, Shift-Dir - straight line, f/p - hobgoblin
Aim: a hobgoblin (lightly wounded, chance to affect: 86%)
The hobgoblin writhes in agony.
You kill the hobgoblin!
The dead are walking!
Casting: Necrotise (safe; 4% risk of failure)
Confirm with . or Enter, or press ? or * to list all spells.
You can't see any susceptible monsters within range! (Use Z to cast anyway.)
Your hobgoblin skeleton crumbles into dust!
A gnoll comes into view. It is wielding a +0 whip.
Found a stone staircase leading down.
A giant cockroach comes into view.
Casting: Necrotise (safe; 4% risk of failure)
Confirm with . or Enter, or press ? or * to list all spells.
Aiming: Necrotise (safe; 4% risk of failure)
Press: ? - help, Shift-Dir - straight line, f - gnoll
Aim: a gnoll, wielding a +0 whip (chance to affect: 80%)
The gnoll barely resists.
The gnoll hits you with a +0 whip!
Unknown command.
You hit the gnoll but do no damage. The gnoll barely misses you.
You hit the gnoll.
The gnoll is moderately wounded.
You block the gnoll's attack. The gnoll misses you.
You barely miss the gnoll.
The gnoll is moderately wounded.
The gnoll closely misses you.
You hit the gnoll.
The gnoll is moderately wounded.
The gnoll hits you with a +0 whip.
You hit the gnoll.
The gnoll is almost dead.
The giant cockroach closely misses you. The gnoll hits you with a +0 whip.
* * * LOW HITPOINT WARNING * * *
The giant cockroach bites you.
You die...

.. #.. # #.# #.# #. #.# #.# #.#
#.# #.# ##+# ..##..##.# #.# #.#
.... ......gB.# #.# #.# ..... ##.
#@.# #.# #.# #..#.# .....#..###.#
#.# ...#.# #..#.........#### #.#
#..#.#####..#............# #.#
..................######.# #.#
#..#.....................###.#
...#.........................#
#..#.......##....#######.#####
...#.............#######.#####.##


You could see a gnoll and a giant cockroach.

Vanquished Creatures
  2 ball pythons (D:1)
  A bat (D:1)
  An endoplasm (D:1)
  2 hobgoblins (D:1)
  A kobold (D:1)
  A quokka (D:1)
  2 rats (D:1)
10 creatures vanquished.

Vanquished Creatures (collateral kills)
  A dart slug (D:1)
1 creature vanquished.

Grand Total: 11 creatures vanquished

Notes
Turn   | Place    | Note
-------+----------+-------------------------------------------
     0 | D:1      | nel the Demonspawn Necromancer began the quest for the Orb.
     0 | D:1      | Reached XP level 1. HP: 13/13 MP: 3/3
   271 | D:1      | Gained mutation: A meltable shield of frost defends you.
                  | (SH +4) [demonic ancestry]
   271 | D:1      | Reached XP level 2. HP: 5/19 MP: 0/5
   653 | D:1      | Slain by a giant cockroach

Illustrated notes

Levels and vault maps discovered:
D:1:      dpeg_arrival_three_same_balls, layout_basic

Skill      XL: |  1 |
---------------+----+-----
Dodging        | 2 |  2.1
Stealth        | |  1.7
Spellcasting   | |  2.0
Necromancy     | |  4.9

Action                     || total
---------------------------++-------
  Melee: Unarmed           ||    21
         Whip              ||     8
   Cast: Necrotise         ||    23
 Armour: Robe              ||    14
         Leather armour    ||    11
  Dodge: Dodged            ||    20
  Block: Other             ||     3

Table legend: (Time is in decaauts)
 A = Elapsed time spent in this place.
 B = Non-inter-level travel time spent in this place.
 C = Inter-level travel time spent in this place.
 D = Time resting spent in this place.
 E = Time spent auto-exploring this place.
 F = Levels seen in this place.
 G = Mean time per level.
                   A        B        C        D        E       F      G
               +--------+--------+--------+--------+--------+-----+--------+
         Total |    653 |    653 |      0 |     49 |    442 |   1 |  653.0 |
       Dungeon |    653 |    653 |      0 |     49 |    442 |   1 |  653.0 |
               +--------+--------+--------+--------+--------+-----+--------+

Top non-repeatable levels by time:
     D:1: 653 daAuts
